 Dungeon Crawl Stone Soup version 0.23.0 (webtiles) character file.

Game seed: 14284909414338197303

8657 Monsterracer the Grappler (level 11, -7/107 HPs)
             Began as a Troll Chaos Knight on Feb 9, 2019.
             Was a Plaything of Xom.
             Mangled by asdu's ghost (10 damage)
             ... on level 9 of the Dungeon.
             The game lasted 00:09:56 (7154 turns).

Monsterracer the Grappler (Troll Chaos Knight)      Turns: 7154, Time: 00:09:57

Health: -7/107     AC: 13    Str: 22      XL:     11   Next: 12%
Magic:  10/10      EV: 12    Int:  2 (8)  God:    Xom [..*...]
Gold:   469        SH: 14    Dex: 12      Spells: 10/10 levels left

rFire    . . .     SeeInvis .     - Unarmed
rCold    + . .     Gourm    +   v - +0 large shield
rNeg     . . .     Faith    .   a - +2 robe
rPois    .         Spirit   .   p - +2 hat
rElec    .         Reflect  .   n - +2 cloak
rCorr    .         Harm     .   (gloves unavailable)
MR       ++++.     Rnd*Rage +   (boots unavailable)
Stlth    +.........             j - necklace of Bloodlust {*Rage +Rage MR++ Int-3 Slay+6 *Curse} (curse)
HPRegen  0.67/turn              C - ring of protection from cold {!d}
MPRegen  0.12/turn              E - +3 ring of evasion

@: brilliant, slowed, lost intelligence, very slow
A: large, unfitting armour, claws 3, hooves 1, horns 1, blurry vision 2, dopey
1, fast metabolism 3, gourmand, magic resistance 2, mutation resistance 1,
regeneration 1, shaggy fur 1, tough skin 3, wild magic 1
a: Renounce Religion, Evoke Berserk Rage


You were on level 9 of the Dungeon.
You worshipped Xom.
You were a toy of Xom.
You were completely stuffed.

You visited 1 branch of the dungeon, and saw 9 of its levels.

You collected 518 gold pieces.
You spent 49 gold pieces at shops.

Inventory:

Hand Weapons
 b - a +0 blowgun
Missiles
 g - 12 javelins (quivered)
 A - 2 tomahawks
 B - 2 throwing nets {!f}
 F - 25 poisoned needles
 G - 5 curare-tipped needles
Armour
 a - a +2 robe (worn)
 n - a +2 cloak (worn)
 p - a +2 hat (worn)
 v - a +0 large shield (worn)
Jewellery
 j - the cursed necklace of Bloodlust (around neck) {*Rage +Rage MR++ Int-3 Slay+6 *Curse}
   (Xom gifted it to you on level 3 of the Dungeon)

   [amulet of rage]

   It affects your intelligence (-3).
   It affects your accuracy and damage with ranged weapons and melee attacks
   (+6).
   It affects your resistance to hostile enchantments.
   It lets you go berserk.
   It may make you go berserk in combat.
   It curses itself when equipped.
   It has a curse placed upon it.
 l - an uncursed ring of protection from magic {!d}
 u - an uncursed ring of fire
 z - an uncursed amulet of the gourmand {unknown}
 C - a ring of protection from cold (left claw) {!d}
 E - a +3 ring of evasion (right claw)
 M - an uncursed ring of protection from magic {!d}
Wands
 i - a wand of flame (8)
 D - a wand of paralysis (11)
Scrolls
 f - 2 scrolls of identify
 q - a scroll of fog
 r - 8 scrolls of remove curse
 t - 3 scrolls of teleportation {!r}
 y - 2 scrolls of fear {!r}
 X - a scroll of blinking
Potions
 d - 2 potions of agility
 e - 5 potions of curing
 h - 4 potions of might
 k - 3 potions of brilliance
 m - 2 potions of invisibility
 o - a potion of resistance {unknown}
 s - 2 potions of mutation {unknown}
 w - 2 potions of heal wounds
 x - a potion of haste {unknown}
 I - a potion of cancellation {unknown}
Comestibles
 c - 18 rations


   Skills:
 + Level 6.7 Fighting
 + Level 6.0 Throwing
 + Level 6.6 Dodging
 + Level 4.2 Shields
 * Level 11.1 Unarmed Combat


You had 10 spell levels left.
You didn't know any spells.
Your spell library contained the following spells:

 Spells                   Type           Power        Failure   Level  Hunger
 Animate Skeleton         Necr           N/A          54%         1    ##.....
 Freeze                   Ice            #...         54%         1    ##.....
 Pain                     Necr           #...         54%         1    ##.....
 Throw Frost              Conj/Ice       #.....       67%         2    ###....
 Ozocubu's Armour         Chrm/Ice       #.......     86%         3    ####...
 Regeneration             Chrm/Necr      #.........   86%         3    ####...
 Vampiric Draining        Necr           #.........   86%         3    ####...
 Animate Dead             Necr           N/A          99%         4    #####..
 Summon Ice Beast         Ice/Summ       #.......     99%         4    #####..
 Throw Icicle             Conj/Ice       #.......     99%         4    #####..


Dungeon Overview and Level Annotations

Branches:
Dungeon (9/15)             Temple (0/1) D:4             Orc (0/2) D:9
   Lair: D:8-11

Altars:
Dithmenos
Okawaru
Qazlal
Wu Jian
Xom

Shops:
D:7 *

Annotations:
D:7 exclusion: ice statue
D:8 2 transporters, emiel's ghost, novice OpAE
D:9 1 transporter, asdu's ghost, novice OgHu


Innate Abilities, Weirdness & Mutations

You are too large for most types of armour.
You have claws for hands.
Your metabolism is lightning-fast.
You like to eat raw meat.
Your natural rate of healing is unusually fast.
You are covered in fur. (AC +1)
You have extremely tough skin. (AC +3)
You have large cloven feet.
You have a pair of small horns on your head.
Scrolls take you longer to read.
You are dopey. (Int -2)
You are highly resistant to hostile enchantments. (MR++)
You are somewhat resistant to further mutation.
Your spells are a little harder to cast, but a little more powerful.


Message History

Asdu's ghost barely misses you. The quasit barely misses you.
The quasit claws you but does no damage. x2
Unknown command.
Unknown command.
You scratch asdu's ghost. Your kick misses asdu's ghost.
Asdu's ghost is lightly damaged.
The small abomination hits you.
* * * LOW HITPOINT WARNING * * *
The small abomination barely misses you.
You block the quasit's attack. x2; The quasit barely misses you.
The neqoxec gestures at you.
Something tries to feed on your intellect!
The small abomination hits you but does no damage.
Asdu's ghost completely misses you. The small abomination hits you.
* * * LOW HITPOINT WARNING * * *
You take 8 damage, and have 43/107 hp.
You claw asdu's ghost! Your kick misses asdu's ghost.
You headbutt asdu's ghost!
Asdu's ghost is moderately damaged.
You block the quasit's attack.
The quasit claws you but does no damage.
The quasit misses you.
You block the small abomination's attack.
The small abomination hits you but does no damage.
Asdu's ghost closely misses you.
The quasit bites you but does no damage.
The quasit closely misses you.
The quasit claws you but does no damage.
You mangle asdu's ghost!! You headbutt asdu's ghost.
Asdu's ghost is heavily damaged.
You block the small abomination's attack.
The small abomination hits you!
* * * LOW HITPOINT WARNING * * *
You block the quasit's attack.
The quasit claws you but does no damage. x2
You block asdu's ghost's attack. The neqoxec gestures at you.
You feel dopey. Something feeds on your intellect!
The small abomination hits you.
* * * LOW HITPOINT WARNING * * *
The small abomination hits you but does no damage.
The quasit closely misses you.
The quasit claws you but does no damage.
You block the quasit's attack.
Asdu's ghost hits you but does no damage.
You are electrocuted!!
* * * LOW HITPOINT WARNING * * *
You take 33 damage, and have 11/107 hp.
MASSIVE DAMAGE!!
You mangle asdu's ghost!! You headbutt asdu's ghost!
Asdu's ghost is severely damaged.
The quasit bites you.
* * * LOW HITPOINT WARNING * * *
You block the quasit's attack. x2; The small abomination hits you!
* * * LOW HITPOINT WARNING * * *
The small abomination hits you but does no damage.
The neqoxec gestures.
You block asdu's ghost's attack. The quasit barely misses you.
The quasit claws you but does no damage.
You block the quasit's attack.
You block the small abomination's attack.
The small abomination barely misses you.
You take 9 damage, and have 2/107 hp.
You feel much better. You block the quasit's attack.
The quasit claws you but does no damage.
You block the quasit's attack. You block asdu's ghost's attack.
The small abomination hits you but does no damage.
The small abomination barely misses you.
The crimson imp blinks!
The quasit misses you. The quasit barely misses you. The quasit misses you.
Asdu's ghost hits you!
* * * LOW HITPOINT WARNING * * *
You are electrocuted!!
* * * LOW HITPOINT WARNING * * *
You take 1 damage, and have 1/107 hp.
Unknown command.
You feel much better.
The crimson imp disappears in a puff of smoke!
You block the small abomination's attack. x2
The quasit bites you but does no damage.
You block the quasit's attack. The quasit closely misses you.
Asdu's ghost hits you!
* * * LOW HITPOINT WARNING * * *
You block the small abomination's attack.
The small abomination hits you.
* * * LOW HITPOINT WARNING * * *
The quasit bites you but does no damage.
The quasit claws you but does no damage. x2
Press: ? - help, v - describe, . - travel
Here: asdu's ghost, wielding a weapon of electrocution (severely damaged)
The floor.
You lack the mental capacity to cast spells.
Really read with blurry vision while enemies are nearby? [Y]es or [N]o only, please.
Really read with blurry vision while enemies are nearby?
Okay, then.
Really read with blurry vision while enemies are nearby?
You almost manage to decipher the scroll, but fail in this attempt.
The neqoxec gestures.
Asdu's ghost hits you!
You die...
Xom titters!

##########################
.........................#
#########.####.......##..#
...............#####.....#
.............###55.###...#
..........#.##.xx55..#.#.#
#######...#.#..#@#5..#.#.#
#######...#.#..#W#5..#...#
..........#.##.535.#.##..#
.............#$.#55.# #..#
.[..........©#)=.5#...#..#
#########.#..#[#.....##..#
.....))...#.##.#...#.#©..#
......).....#..#.##..##..#
............#.#.3.#..3#..#


You could see a neqoxec, 2 small abominations, 4 quasits, asdu's ghost, 2
crimson imps, a white imp, a shadow imp and an ufetubus.

Vanquished Creatures
  Erica (D:8)
  4 skeletal warriors (D:8)
  A troll (D:9)
  Grinder (D:5)
  A hippogriff (D:7)
  A wyvern (D:9)
  3 yaks (D:9)
  A neqoxec (D:9)
  A hungry ghost (D:9)
  2 soldier ants (D:8)
  2 orc warriors
  An ice beast (D:9)
  A sky beast (D:5)
  A necrophage (D:9)
  3 phantoms
  2 ogres
  2 black bears
  5 centaurs
  3 big kobolds (D:8)
  5 bullfrogs
  A gnoll sergeant (D:9)
  A wyvern zombie (D:9)
  A scorpion (D:7)
  3 wights (D:5)
  2 howler monkeys (D:7)
  3 crimson imps
  3 hounds
  A quasit (D:5)
  A centaur zombie (D:6)
  A jelly (D:8)
  8 orc priests
  Crazy Yiuf (D:3)
  14 orc wizards
  2 bullfrog skeletons
  3 iguanas
  7 worker ants
  A killer bee zombie (D:8)
  A hound zombie (D:7)
  9 gnolls
  15 adders
  2 shadow imps
  2 adder zombies (D:7)
  An ooze (D:3)
  2 adder skeletons (D:4)
  7 worms
  A dart slug (D:3)
  7 leopard geckos
  42 orcs
  8 giant cockroaches
  10 goblins
  6 hobgoblins
  7 jackals
  21 kobolds
  3 quokkas
  6 ball pythons
  A ball python skeleton (D:5)
  6 bats
  7 frilled lizards
  A jackal skeleton (D:8)
  2 leopard gecko skeletons (D:4)
  A leopard gecko zombie (D:7)
  9 rats
271 creatures vanquished.

Vanquished Creatures (collateral kills)
  A yak (D:9)
  A black bear (D:7)
  An adder (D:5)
3 creatures vanquished.

Grand Total: 274 creatures vanquished

Notes
Turn   | Place    | Note
-------+----------+-------------------------------------------
     0 | D:1      | Monsterracer the Troll Chaos Knight began the quest for the
                  | Orb.
     0 | D:1      | Reached XP level 1. HP: 22/22 MP: 0/0
   193 | D:1      | Reached XP level 2. HP: 26/29 MP: 1/1
   476 | D:1      | XOM: silly message
   507 | D:1      | XOM: harmless Summ miscast
   545 | D:2      | XOM: divination: detect items
   571 | D:2      | XOM: harmless Pois miscast
   621 | D:2      | Reached XP level 3. HP: 24/36 MP: 2/2
   920 | D:2      | Reached skill level 4 in Unarmed Combat
  1044 | D:2      | XOM: god gift: glowing scimitar {god gift}
  1145 | D:2      | Reached XP level 4. HP: 44/44 MP: 3/3
  1230 | D:2      | XOM: noise
  1365 | D:2      | XOM: give mutations
  1365 | D:2      | Gained mutation: You are dopey. (Int -2) [Xom's mischief]
  1365 | D:2      | Gained mutation: Scrolls take you a little longer to read.
                  | [Xom's mischief]
  1365 | D:2      | Gained mutation: Scrolls take you longer to read. [Xom's
                  | mischief]
  1432 | D:2      | XOM: give mutations
  1432 | D:2      | Gained mutation: You are resistant to hostile enchantments.
                  | (MR+) [Xom's grace]
  1432 | D:2      | Gained mutation: You have large cloven feet. [Xom's grace]
  1432 | D:2      | Gained mutation: You have a pair of small horns on your
                  | head. [Xom's grace]
  1432 | D:2      | Gained mutation: You evolve. [Xom's grace]
  1451 | D:2      | XOM: cloud trail
  1474 | D:2      | Gained mutation: Your spells are a little harder to cast,
                  | but a little more powerful. [evolution]
  1532 | D:3      | XOM: noise
  1621 | D:3      | XOM: divination: detect creatures
  1772 | D:3      | XOM: god gift: scroll labeled MYDDITT LUWA {god gift}
  1776 | D:3      | Identified a scroll of acquirement
  1786 | D:3      | XOM: divination: magic mapping
  1903 | D:3      | XOM: scenery: create altars
  1946 | D:3      | Reached XP level 5. HP: 53/53 MP: 4/4
  1959 | D:3      | Noticed a centaur
  1968 | D:3      | XOM: 2-stop teleportation journey
  1994 | D:3      | Killed a centaur
  1994 | D:3      | Reached skill level 5 in Unarmed Combat
  2221 | D:3      | XOM: god gift: necklace of Bloodlust {*Rage +Rage MR++
                  | Int-3 Slay+6 *Curse}
  2222 | D:3      | Found the necklace of Bloodlust {*Rage +Rage MR++ Int-3
                  | Slay+6 *Curse}
  2525 | D:3      | Found a runed translucent door.
  2526 | D:3      | Noticed Crazy Yiuf
  2648 | D:3      | Killed Crazy Yiuf
  2648 | D:3      | Reached XP level 6. HP: 61/61 MP: 5/5
  2818 | D:4      | XOM: god gift: 48 gold pieces
  2922 | D:4      | Found a staircase to the Ecumenical Temple.
  2962 | D:4      | XOM: fog
  3116 | D:4      | XOM: give mutations
  3116 | D:4      | Gained mutation: You are highly resistant to hostile
                  | enchantments. (MR++) [Xom's grace]
  3116 | D:4      | Lost mutation: You evolve. [Xom's grace]
  3116 | D:4      | Gained mutation: You are somewhat resistant to further
                  | mutation. [Xom's grace]
  3225 | D:4      | XOM: cloud trail
  3328 | D:4      | XOM: mild Fire miscast
  3339 | D:5      | Entered Level 5 of the Dungeon
  3344 | D:5      | Reached skill level 1 in Throwing
  3344 | D:5      | Reached skill level 6 in Unarmed Combat
  3344 | D:5      | Reached XP level 7. HP: 62/68 MP: 6/6
  3586 | D:5      | Noticed Grinder
  3593 | D:5      | Killed Grinder
  3687 | D:5      | XOM: cloud trail
  3717 | D:5      | XOM: fog
  3773 | D:5      | XOM: summons 7 friendly demons
  3986 | D:6      | Reached XP level 8. HP: 79/79 MP: 7/7
  3992 | D:6      | Reached skill level 7 in Unarmed Combat
  4184 | D:6      | Found a shadowy altar of Dithmenos.
  4184 | D:6      | Found an iron altar of Okawaru.
  4189 | D:6      | Found a faded altar of an unknown god.
  4191 | D:6      | Found a faded altar of an unknown god.
  4193 | D:6      | Found an ornate altar of the Wu Jian Council.
  4857 | D:6      | XOM: scenery: 1 doors close
  4958 | D:7      | Reached skill level 8 in Unarmed Combat
  5017 | D:7      | Reached skill level 5 in Fighting
  5049 | D:7      | Found Wuelul's General Store.
  5057 | D:7      | Bought a +0 large shield for 49 gold pieces
  5078 | D:7      | Noticed a hippogriff
  5087 | D:7      | Killed a hippogriff
  5087 | D:7      | Reached XP level 9. HP: 82/88 MP: 8/8
  5165 | D:7      | XOM: smoke on damage
  5166 | D:7      | XOM: summons 9 friendly demons
  5172 | D:7      | Reached skill level 5 in Dodging
  5173 | D:7      | Found a stormy altar of Qazlal.
  5173 | D:7      | Reached skill level 1 in Shields
  5400 | D:7      | Noticed an ice statue
  5475 | D:8      | Found a transporter.
  5550 | D:8      | Noticed emiel's ghost (novice OpAE)
  5550 | D:8      | Noticed a seven-headed hydra
  5613 | D:8      | Noticed Erica
  5619 | D:8      | Reached skill level 9 in Unarmed Combat
  5630 | D:8      | Killed Erica
  5690 | D:8      | XOM: swap monsters
  5806 | D:8      | Noticed a skeletal warrior
  5806 | D:8      | Noticed a skeletal warrior
  5808 | D:8      | Noticed a skeletal warrior
  5812 | D:8      | Noticed a skeletal warrior
  5813 | D:8      | Killed a skeletal warrior
  5813 | D:8      | Reached XP level 10. HP: 98/98 MP: 9/9
  5816 | D:8      | Killed a skeletal warrior
  5816 | D:8      | Reached skill level 5 in Throwing
  5816 | D:8      | Reached skill level 10 in Unarmed Combat
  5819 | D:8      | Killed a skeletal warrior
  5824 | D:8      | Killed a skeletal warrior
  6115 | D:8      | Found a transporter.
  6466 | D:9      | Found a transporter.
  6466 | D:9      | XOM: 1-stop teleportation journey
  6496 | D:9      | Noticed asdu's ghost (novice OgHu)
  6595 | D:9      | XOM: summons friendly white imp
  6600 | D:9      | Reached XP level 11. HP: 107/107 MP: 10/10
  6633 | D:9      | Reached skill level 11 in Unarmed Combat
  6648 | D:9      | Found a transporter.
  6720 | D:9      | Found a staircase to the Orcish Mines.
  7144 | D:9      | XOM is BORED!
  7144 | D:9      | XOM: medium Summ miscast
  7144 | D:9      | Lost intelligence.
  7146 | D:9      | HP: 50/107 [small abomination[the capriciousness of Xom]
                  | (18)]
  7150 | D:9      | HP: 11/107 [asdu's ghost (20)]
  7151 | D:9      | HP: 2/107 [small abomination[the capriciousness of Xom]
                  | (7)]
  7154 | D:9      | Mangled by asdu's ghost

Skill      XL: |  1  2  3  4  5  6  7  8  9 10 11 |
---------------+----------------------------------+-----
Dodging        | 2 3 4 5 6 |  6.6
Unarmed Combat | 4 5 6 8 9 10 11 | 11.1
Fighting       | 3 4 5 6 |  6.7
Throwing       | 1 2 3 4 5 6 |  6.0
Shields        | 2 4 |  4.2

Action                   |  1- 3 |  4- 6 |  7- 9 | 10-12 || total
-------------------------+-------+-------+-------+-------++-------
Melee: Unarmed           |   133 |   109 |   209 |   127 ||   578
       Punch             |     1 |     2 |     6 |       ||     9
       Kick              |       |    21 |    62 |    38 ||   121
       Headbutt          |       |     9 |    29 |    26 ||    64
  Use: Scroll            |       |    14 |     5 |     1 ||    20
       Potion            |       |       |       |     3 ||     3
 Stab: Sleeping          |     2 |       |       |       ||     2
  Eat: Chunk             |    16 |    20 |    23 |    16 ||    75
Armor: Robe              |    53 |    61 |    66 |    64 ||   244
Dodge: Dodged            |    53 |    86 |   116 |    73 ||   328
Block: Large shield      |       |       |    19 |   109 ||   128

Levels and vault maps discovered:
D:1:      psy_arrival_terrarium, layout_rooms
D:2:      layout_loops_corners, first_ration
D:3:      minmay_chambers_of_threes, layout_loops_ring, uniq_crazy_yiuf_cottage
D:4:      layout_basic, minmay_temple_entry_large_hall,
          minmay_fractal_squares_gapless_5
D:5:      layout_rooms, grunt_ministairs_9, uniq_grinder
D:6:      layout_loops_corners, chequers_temple_overflow_minitemple,
          grunt_decor_resistance
D:7:      lemuel_ice_statue, layout_cave_pools, lemuel_crystal_altar,
          serial_shops, shop
D:8:      layout_cave_pools, gammafunk_ghost_arena, hangedman_pestilent_swarm,
          uniq_erica
D:9:      layout_long_grid, orc_0_dummy, gammafunk_ghost_stat_death
